 Dungeon Crawl Stone Soup version 0.31-a0-795-g5eb97db20b (webtiles) character file.

Game seed: 16141001497097382090

125 quakins the Sneak (level 5, -4/30 HPs)
             Began as a Kobold Brigand on Sept 18, 2023.
             Killed by nerve-wracking pain
             ... invoked by an orc priest
              (5 damage)
             ... on level 3 of the Dungeon.
             The game lasted 00:03:38 (2025 turns).

quakins the Sneak (Kobold Brigand)                  Turns: 2025, Time: 00:03:39

Health: -4/30      AC:  3    Str:  7 (9)  XL:     5   Next: 30%
Magic:  5/5        EV: 14    Int:  9 (12) God:
Gold:   144        SH:  0    Dex: 16 (18) Spells: 4/4 levels left

rFire   . . .        a - +2 dagger
rCold   . . .        (no shield)
rNeg    . . .        b - +0 robe
rPois   .            (no helmet)
rElec   .            c - +0 cloak
rCorr   .            (no gloves)
SInv    .            (no boots)
Will    .....        o - amulet of the acrobat
Stlth   ++++         (no ring)
HPRegen 0.25/turn    (no ring)
MPRegen 0.09/turn

%: acrobat
@: attractive
A: small, no large weapons, nightstalker 3
a: no special abilities


You were on level 3 of the Dungeon.
You visited 1 branch of the dungeon, and saw 3 of its levels.

You collected 144 gold pieces.

Inventory:

Hand Weapons
 a - a +2 dagger (weapon)
Missiles
 d - 9 poisoned darts (quivered)
 e - 3 curare-tipped darts
Armour
 b - a +0 robe (worn)
 c - a +0 cloak (worn)
Jewellery
 j - an amulet of faith
 o - an amulet of the acrobat (around neck)
Scrolls
 f - a scroll of amnesia {unknown}
 g - 4 scrolls of identify {unknown}
 i - a scroll of acquirement {unknown}
 n - a scroll of silence {unknown}
 p - 2 scrolls of teleportation {unknown}
 q - a scroll of torment {unknown}
 r - a scroll of noise {unknown}
 s - a scroll of vulnerability {unknown}
 t - a scroll of immolation {unknown}
Potions
 h - 2 potions of degeneration
 k - a potion of attraction
 l - 2 potions of enlightenment {unknown}
 m - a potion of curing {unknown}


   Skills:
 - Level 2.1 Fighting
 - Level 6.0 Short Blades
 - Level 2.1 Throwing
 - Level 1.2 Dodging
 + Level 6.3 Stealth


You had 4 spell levels left.
You didn't know any spells.
Your spell library contained the following spells:

 Spells                   Type           Power      Damage    Failure   Level
 Ozocubu's Armour         Ice            0%         N/A       77%         3
 Airstrike                Air            0%         2d(0-16)  99%         4
 Conjure Ball Lightning   Conj/Air       0%         3x3d6     100%        6
 Ozocubu's Refrigeration  Ice            0%         4d7       100%        7


Dungeon Overview and Level Annotations

Branches:
Dungeon (3/15)

Altars:
Uskayaw
Xom


Innate Abilities, Weirdness & Mutations

You are small and have problems with some larger weapons.
You are completely attuned to the shadows.


Message History

The orc priest is moderately wounded.
You hit the orc priest but do no damage.
The orc priest is moderately wounded.
The orc wizard closely misses you.
The orc priest miscasts a cantrip.
You hit the orc priest but do no damage.
The orc priest is moderately wounded.
The orc wizard hits you with a +0 dagger.
* * * LOW HITPOINT WARNING * * *
The orc priest barely misses you.
You closely miss the orc priest.
The orc priest is moderately wounded.
You hit the orc priest but do no damage.
The orc priest is moderately wounded.
The orc priest hits you but does no damage.
The orc wizard hits you but does no damage.
You hit the orc priest but do no damage.
The orc priest is moderately wounded.
The orc wizard hits you with a +0 dagger.
* * * LOW HITPOINT WARNING * * *
The orc priest closely misses you.
You hit the orc priest but do no damage.
The orc priest is moderately wounded.
You closely miss the orc priest.
The orc priest is moderately wounded.
The orc priest hits you with a +0 mace.
* * * LOW HITPOINT WARNING * * *
The orc wizard barely misses you.
It was a potion of degeneration.
There was something very wrong with that liquid.
You feel weakened.
You feel dopey.
You feel clumsy.
The orc priest casts a cantrip, but nothing happens.
The orc wizard gestures at you while chanting.
You resist with some effort.
It was a potion of attraction.
You feel attractive to monsters. The orc wizard barely misses you.
The orc priest invokes the aid of Beogh against you.
Pain shoots through your body!
You die...

#.#.#.#.#.#
#.†
#.........#
#..
#.#.#.#.###
##..
#.##..)##
....
#.###.##
##.. #.#
#.# #.. #.#
#.# #†† #.#
#. ### #@#
#.oo....
#.#?....
#.###### .


You could see an orc priest and an orc wizard.

Vanquished Creatures
  A howler monkey (D:3)
  3 adders
  3 worms
  An orc (D:3)
  4 endoplasms
  3 giant cockroaches
  5 hobgoblins
  5 jackals
  4 quokkas
  A ball python (D:1)
  3 bats
  4 frilled lizards (D:2)
  3 goblins
  4 kobolds
  9 rats
53 creatures vanquished.

Notes
Turn   | Place    | Note
-------+----------+-------------------------------------------
     0 | D:1      | quakins the Kobold Brigand began the quest for the Orb.
     0 | D:1      | Reached XP level 1. HP: 12/12 MP: 1/1
   165 | D:1      | Reached XP level 2. HP: 17/17 MP: 2/2
   702 | D:2      | Reached XP level 3. HP: 14/21 MP: 3/3
   808 | D:2      | Found a shimmering altar of Xom.
   848 | D:2      | Reached skill level 5 in Short Blades
  1245 | D:2      | Reached XP level 4. HP: 26/26 MP: 4/4
  1488 | D:3      | Got a gaudy book
  1527 | D:3      | Found a faded altar of an unknown god.
  1648 | D:3      | Found a hide-covered altar of Uskayaw.
  1911 | D:3      | Reached XP level 5. HP: 30/30 MP: 5/5
  2023 | D:3      | HP: 1/30 [orc priest/+0 mace (5)]
  2025 | D:3      | Killed from afar by an orc priest

Illustrated notes

Levels and vault maps discovered:
D:1:      dpeg_arrival_pits, layout_basic, item_on_display_a
D:2:      layout_rooms, basic_altar, serial_forest, infiniplex_forest_join,
          infiniplex_forest_zigzag_2, infiniplex_forest_corner_2,
          infiniplex_forest_lined_room_2, minmay_pentomino_pile
D:3:      layout_loops_ring, nicolae_uskayaw_murder_on_the_dancefloor,
          chequers_ecumenical_altar_simple_redux

Skill      XL: |  1  2  3  4 |
---------------+-------------+-----
Short Blades   | 3 4 5 6 |  6.0
Stealth        | 6 |  6.3
Fighting       | |  2.1
Throwing       | |  2.1
Dodging        | |  1.2

Action                     |  1- 3 |  4- 6 || total
---------------------------+-------+-------++-------
  Melee: Dagger            |    73 |    71 ||   144
    Use: Potion            |       |     2 ||     2
   Stab: Sleeping          |    18 |     8 ||    26
         Distracted        |     1 |       ||     1
 Armour: Robe              |    17 |    23 ||    40
  Dodge: Dodged            |    25 |    42 ||    67

Table legend: (Time is in decaauts)
 A = Elapsed time spent in this place.
 B = Non-inter-level travel time spent in this place.
 C = Inter-level travel time spent in this place.
 D = Time resting spent in this place.
 E = Time spent auto-exploring this place.
 F = Levels seen in this place.
 G = Mean time per level.
                   A        B        C        D        E       F      G
               +--------+--------+--------+--------+--------+-----+--------+
         Total |   1989 |   1971 |     18 |     64 |   1526 |   3 |  663.0 |
       Dungeon |   1989 |   1971 |     18 |     64 |   1526 |   3 |  663.0 |
               +--------+--------+--------+--------+--------+-----+--------+

Top non-repeatable levels by time:
     D:2: 829 daAuts
     D:1: 628 daAuts
     D:3: 531 daAuts
